 Dungeon Crawl Stone Soup version 0.30-a0-715-gdb4ae3ece1 (webtiles) character file.

Game seed: 4101931277380326624

373 tio the Poker (level 6, -2/44 HPs)
             Began as a Demonspawn Wanderer on Jan 24, 2023.
             Constricted to death by a naga (5 damage)
             ... on level 4 of the Dungeon.
             The game lasted 00:32:28 (4640 turns).

tio the Poker (Demonspawn Wanderer)                 Turns: 4640, Time: 00:32:29

Health: -2/44      AC:  1    Str: 13    XL:     6   Next: 43%
Magic:  3/10       EV:  9    Int: 14    God:
Gold:   290        SH:  0    Dex: 13    Spells: 9/10 levels left

rFire   . . .      SeeInvis .    a - +3 spear (flame)
rCold   . . .      Faith    .    (no shield)
rNeg    . . .      Spirit   .    (no body armour)
rPois   .          Reflect  .    (helmet restricted)
rElec   .          Harm     .    (no cloak)
rCorr   .          Rampage  .    (no gloves)
Will    .....                    (no boots)
Stlth   ++                       (no amulet)
HPRegen 0.27/turn                (no ring)
MPRegen 0.12/turn                (no ring)

@: mighty, constricted, invisible
A: antennae 1, rugged brown scales 1, demonic guardian 1
a: no special abilities


You were on level 4 of the Dungeon.
You visited 1 branch of the dungeon, and saw 4 of its levels.

You collected 290 gold pieces.

Inventory:

Hand Weapons
 a - a +3 spear of flaming (weapon)
Armour
 g - a +0 ring mail
Magical Staves
 r - a staff of death
Jewellery
 o - a ring of see invisible
Wands
 l - a wand of polymorph (1)
Scrolls
 b - a scroll of amnesia {unknown}
 c - 2 scrolls of fog
 d - 4 scrolls of identify
 f - 2 scrolls of immolation
 m - a scroll of teleportation
Potions
 e - a potion of invisibility
 h - 3 potions of attraction
 i - a potion of mutation
 j - a potion of heal wounds
 k - 3 potions of degeneration
 p - a potion of curing {unknown}
 q - a potion of lignification {unknown}


   Skills:
 + Level 1.4 Fighting
 + Level 4.0 Polearms
 + Level 3.1 Armour
 + Level 1.6 Dodging
 + Level 1.0 Stealth
 + Level 2.8 Spellcasting
 + Level 3.9 Conjurations


You had 9 spell levels left.
You knew the following spells:

 Your Spells              Type           Power      Damage    Failure   Level
a - Magic Dart            Conj           52%        1d5       4%          1

Your spell library contained the following spells:

 Spells                   Type           Power      Damage    Failure   Level
 Mephitic Cloud           Conj/Pois/Air  5%         N/A       36%         3


Dungeon Overview and Level Annotations

Branches:
Dungeon (4/15)
 Temple: D:4-7

Altars:


Innate Abilities, Weirdness & Mutations

You have a pair of small antennae on your head.
You are partially covered in rugged brown scales. (AC +1, +3% HP)
A weak demonic guardian rushes to your aid.


Message History

Your quasit claws the naga but does no damage.
The adder misses your quasit.
You feel sick.
You are no longer poisoned.
The adder bites your quasit but does no damage.
Your quasit barely misses the naga.
Your quasit claws the naga but does no damage. x2
The adder bites your quasit but does no damage.
You are too injured to fight recklessly!
You are too injured to fight recklessly!
Casting: Magic Dart (safe; 4% risk of failure)
Confirm with . or Enter, or press ? or * to list all spells.
Aiming: Magic Dart (safe; 4% risk of failure)
Press: ? - help, Shift-Dir - straight line, f/p - naga
Aim: a naga (lightly wounded, 100% to hit)
The magic dart hits the naga but does no damage.
The naga is lightly wounded.
Casting: Magic Dart (safe; 4% risk of failure)
Confirm with . or Enter, or press ? or * to list all spells.
Aiming: Magic Dart (safe; 4% risk of failure)
Press: ? - help, Shift-Dir - straight line, f/p - naga
Aim: a naga (lightly wounded, ally target, 100% to hit)
The magic dart hits the naga but does no damage.
The naga is lightly wounded.
Your quasit closely misses the naga.
Your quasit claws the naga. x2
Something misses your quasit.
You feel very mighty all of a sudden.
Your quasit misses the naga.
Your quasit barely misses the naga.
Your quasit claws the naga but does no damage.
The naga spits poison at you. The splash of poison misses you.
Something bites your quasit. The naga barely misses you. The naga grabs you.
The naga constricts you. The adder barely misses your quasit.
Your quasit barely misses the naga. x2
Your quasit claws the naga.
You hit the naga. You burn the naga.
The naga is moderately wounded.
The adder misses your quasit. The naga hits you!
* * * LOW HITPOINT WARNING * * *
A demonic guardian appears!
The naga constricts you.
You die...

#.....# ..).....# #..#
#####.## ........##.....
#..# ........o.o....
######'### #S#
.....)...# #5#
.........## #.#
.........)### #####o#
..........).## #.N5Sg#
.........##..###@#.###..
.........###)#...5......
############'#...#######
#.....>..# #........#
#........# #.....####
#.....# #.....#


You could see a naga (ally target), an adder (unable to see you, ally target),
an orc (unable to see you), a hobgoblin (unable to see you), a friendly quasit
(summoned) and a friendly shadow imp (summoned, wandering).

Vanquished Creatures
  An ogre (D:4)
  A necrophage (D:4)
  An orc priest (D:4)
  Natasha (D:3)
  2 adders (D:3)
  3 worms
  9 orcs
  3 bats
  3 endoplasms
  3 giant cockroaches
  7 hobgoblins
  3 kobolds
  3 quokkas
  3 ball pythons
  5 frilled lizards
  3 goblins
  3 rats
54 creatures vanquished.

Vanquished Creatures (collateral kills)
  Natasha (twice) (D:3)
  An iguana (D:4)
  3 orcs (D:4)
6 creatures vanquished.

Grand Total: 60 creatures vanquished

Notes
Turn   | Place    | Note
-------+----------+-------------------------------------------
     0 | D:1      | tio the Demonspawn Wanderer began the quest for the Orb.
     0 | D:1      | tio set off with the following items: a +2 spear, a +0
                  | scale mail, a scroll of fog; and the following spell
                  | memorised: Magic Dart; and the following spells available
                  | to memorise: Mephitic Cloud.
     0 | D:1      | Reached XP level 1. HP: 13/13 MP: 2/2
   144 | D:1      | Reached skill level 3 in Polearms
   313 | D:1      | Gained mutation: You are partially covered in rugged brown
                  | scales. (AC +1, +3% HP) [demonic ancestry]
   313 | D:1      | Reached XP level 2. HP: 11/19 MP: 0/3
  1823 | D:2      | Gained mutation: A weak demonic guardian rushes to your
                  | aid. [demonic ancestry]
  1823 | D:2      | Reached XP level 3. HP: 11/24 MP: 1/4
  2231 | D:3      | Noticed Natasha
  2242 | D:3      | Killed Natasha
  2589 | D:3      | Noticed Natasha
  2628 | D:3      | Killed Natasha
  2629 | D:3      | Gained mutation: You have a pair of small antennae on your
                  | head. [demonic ancestry]
  2629 | D:3      | Reached XP level 4. HP: 24/31 MP: 1/6
  2982 | D:3      | Noticed Natasha
  2989 | D:3      | Killed Natasha
  3500 | D:3      | Reached XP level 5. HP: 37/37 MP: 0/8
  3795 | D:4      | Reached skill level 1 in Fighting
  4088 | D:4      | Noticed an ogre
  4097 | D:4      | Killed an ogre
  4098 | D:4      | Reached skill level 4 in Polearms
  4098 | D:4      | Reached skill level 1 in Stealth
  4098 | D:4      | Reached XP level 6. HP: 18/44 MP: 3/10
  4624 | D:4      | an ogre changed into a naga
  4624 | D:4      | Noticed a naga
  4640 | D:4      | Constricted to death by a naga

Illustrated notes

Levels and vault maps discovered:
D:1:      evilmike_arrival_hilbert_curve, layout_basic,
          chequers_serial_rivers_micro_e
D:2:      layout_basic
D:3:      layout_basic, serial_aquarium, aquarium_bridge_straight
          [aquarium_subvault_bridge, aquarium_subvault_wall,
          aquarium_subvault_bridge, aquarium_subvault_wall],
          aquarium_bridge_long_joined [aquarium_subvault_bridge,
          aquarium_subvault_window, aquarium_subvault_bridge,
          aquarium_subvault_wall, aquarium_subvault_wall,
          aquarium_subvault_balcony], aquarium_window_corner, aquarium_window_3,
          aquarium_window_1, aquarium_window_1, aquarium_view_2g,
          aquarium_view_2g, uniq_natasha
D:4:      layout_basic, minmay_temple_entry_nine_rooms

Skill      XL: |  1  2  3  4  5 |
---------------+----------------+-----
Polearms       | 3 4 |  4.0
Armour         | 3 |  3.1
Spellcasting   | 2 |  2.8
Conjurations   | 3 |  3.9
Fighting       | 1 |  1.4
Stealth        | 1 |  1.0
Dodging        | |  1.6

Action                     |  1- 3 |  4- 6 || total
---------------------------+-------+-------++-------
  Melee: Spear             |    60 |    38 ||    98
         Punch             |     1 |     1 ||     2
   Cast: Magic Dart        |    54 |   111 ||   165
  Evoke: Wand              |       |     2 ||     2
    Use: Scroll            |    11 |     2 ||    13
         Potion            |       |     4 ||     4
 Armour: Scale mail        |     8 |       ||     8
         Skin              |     5 |     1 ||     6
  Dodge: Dodged            |    26 |    27 ||    53

Table legend: (Time is in decaauts)
 A = Elapsed time spent in this place.
 B = Non-inter-level travel time spent in this place.
 C = Inter-level travel time spent in this place.
 D = Time resting spent in this place.
 E = Time spent auto-exploring this place.
 F = Levels seen in this place.
 G = Mean time per level.
                   A        B        C        D        E       F      G
               +--------+--------+--------+--------+--------+-----+--------+
         Total |   4643 |   4417 |    226 |      0 |   3837 |   4 | 1160.8 |
       Dungeon |   4643 |   4417 |    226 |      0 |   3837 |   4 | 1160.8 |
               +--------+--------+--------+--------+--------+-----+--------+

Top non-repeatable levels by time:
     D:3: 1638 daAuts
     D:2: 1152 daAuts
     D:1: 995 daAuts
     D:4: 856 daAuts
